Sabres vs Devils

Created - 29 décembre 2017 at 15:55

Goals
1 2 3 T
Sabres 3 1 0 4
Devils 1 0 0 1
Shots
1 2 3 T
Sabres 15 12 11 38
Devils 9 4 6 19

1st period

1. Sabres , Nicklas Backstrom 14 (Darren Helm 17, Daniel Briere 24) at 0:03
2. Sabres , Connor Murphy 1 (James Van Riemsdyk 20) at 2:36 (PP)
3. Devils , Ryan Kesler 13 (Artemi Panarin 12) at 18:10 (PP)
4. Sabres , Nicklas Backstrom 15 (Dougie Hamilton 20, Daniel Briere 25) at 18:57

Penalties :
Ryan O'Byrne (NJD) for Hooking (Minor) at 1:32, Adam Berti (NJD) for High sticking (Minor) at 6:10, Andrej Sekera (BUF) for Holding (Minor) at 14:04, Mike Iggulden (BUF) for Boarding (Minor) at 17:27

2nd period

5. Sabres , Alexander Frolov 20 (J.P. Dumont 17, Brent Seabrook 24) at 18:43

Penalties :
Adam Berti (NJD) for Interference (Minor) at 3:37

3rd period

No Goal

Penalties :
Dustin Penner (NJD) for Boarding (Major) at 4:20, Brent Seabrook (BUF) for Roughing (Minor) at 19:30

Goalie Stats

Jake Allen (BUF), 18 saves from 19 shots - (0,947), W, 14-3-4, 60:00 minutes
Antti Niemi (NJD), 34 saves from 38 shots - (0,895), L, 9-17-4, 60:00 minutes

Players Stats for Sabres

Player Name              G  A  P  +/- PIM S  H  SB GA TA FO     MP     PP MP  PK MP  
------------------------------------------------------------------------------------
Alexander Frolov         1  0  1   1  0   2  1  1  0  0  10/21  21:23   4:21   2:38 
Andrej Sekera            0  0  0   1  2   2  0  0  0  0  0/0    17:06   5:11   0:00 
Brent Seabrook           0  1  1   2  2   3  2  2  0  0  0/0    23:20   4:14   1:04 
Connor Murphy            1  0  1   2  0   1  0  2  0  0  0/0    23:33   4:02   1:28 
Cory Conacher            0  0  0   0  0   0  0  0  0  0  0/1     7:06   1:21   0:00 
Daniel Briere            0  2  2   2  0   4  2  0  0  0  18/29  20:13   5:07   0:00 
Darren Helm              0  1  1   2  0   0  0  0  0  0  0/0    14:25   0:33   0:00 
Dougie Hamilton          0  1  1   1  0   3  3  0  0  0  0/0    24:38   5:11   2:07 
J.P. Dumont              0  1  1   1  0   1  0  0  0  0  0/1    22:09   5:07   2:38 
James Van Riemsdyk       0  1  1   1  0   7  3  0  0  0  0/1    19:31   5:07   0:00 
Janne Lahti              0  0  0   0  0   1  0  0  0  0  0/0     5:45   0:00   0:00 
Jonathan Blum            0  0  0   0  0   2  0  2  0  0  0/0    11:25   0:00   0:00 
Mike Iggulden            0  0  0   0  2   1  4  0  0  0  0/1    12:46   0:00   0:00 
Milan Lucic              0  0  0   0  0   0  0  0  0  0  0/0    17:26   4:06   0:33 
Nicklas Backstrom        2  0  2   2  0   10 0  0  0  0  6/9    23:17   4:21   0:33 
Olli Maata               0  0  0   0  0   0  0  0  0  0  0/0     7:36   0:36   1:36 
Radko Gudas              0  0  0   0  0   0  2  0  0  0  0/0    12:20   0:48   0:07 
Victor Rask              0  0  0   0  0   1  0  0  0  0  7/17   12:47   0:00   0:00 

Players Stats for Devils

Player Name              G  A  P  +/- PIM S  H  SB GA TA FO     MP     PP MP  PK MP  
------------------------------------------------------------------------------------
Adam Berti               0  0  0   0  4   1  6  0  0  0  1/2    14:33   1:41   2:46 
Antoine Vermette         0  0  0   0  0   1  0  0  0  0  16/24  16:03   0:00   4:58 
Artem Anisimov           0  0  0   0  0   1  0  0  0  0  4/13    9:52   0:00   0:00 
Artemi Panarin           0  1  1  -3  0   2  0  0  0  0  1/2    17:56   1:30   0:37 
Auston Matthews          0  0  0   0  0   0  0  0  0  0  0/0     0:00   0:00   0:00 
Brandon Sutter           0  0  0   0  0   0  0  0  0  0  10/14  21:41   0:00   1:47 
Daniel Paille            0  0  0   0  0   2  0  0  0  0  0/2    17:43   1:41   4:57 
Dustin Penner            0  0  0  -3  5   1  3  0  0  0  1/1    18:59   1:30   1:41 
Michal Rozsival          0  0  0  -2  0   0  1  0  0  0  0/0    22:28   1:30   5:15 
Micki Dupont             0  0  0   0  0   0  3  1  0  0  0/0    22:02   1:41   4:13 
Nikolai Lemtyugov        0  0  0   0  0   4  0  0  0  0  0/4    14:59   1:41   3:16 
Peter Holland            0  0  0   0  0   1  1  0  0  0  0/0    11:05   0:00   0:00 
Phillip Danault          0  0  0   0  0   0  0  0  0  0  0/1     9:52   0:00   0:00 
Rostislav Klesla         0  0  0  -2  0   1  4  0  0  0  0/0    22:42   1:30   4:13 
Ryan Kesler              1  0  1  -3  0   5  5  1  0  0  6/17   17:19   1:30   0:00 
Ryan O'Byrne             0  0  0  -1  2   0  4  1  0  0  0/0    15:29   0:00   0:33 
Sami Vatanen             0  0  0   0  0   0  0  0  0  0  0/0    21:42   1:41   5:15 
Yann Sauve               0  0  0  -1  0   0  0  0  0  0  0/0    15:30   0:00   0:33 

3 Stars

1 - Nicklas Backstrom (BUF)
2 - Daniel Briere (BUF)
3 - Connor Murphy (BUF)

Power Play

Sabres - 1 on 4 Attempt(s) - 25,00%
Devils - 1 on 3 Attempt(s) - 33,33%

Penalty Kill

Sabres - 2 on 3 Attempt(s) - 66,67% - Score 0 goal in Penalty Kill
Devils - 3 on 4 Attempt(s) - 75,00% - Score 0 goal in Penalty Kill

Team Stat

Sabres - Hits : 17 - Faceoff Wins : 41 - Blocked Shots : 7 - Penalty Minutes : 6
Devils - Hits : 27 - Faceoff Wins : 39 - Blocked Shots : 3 - Penalty Minutes : 11

Official

Referees : Alex Garon and Mike Hasenfratz
Linesman : Derek Wahl and Paul Reid

Game Notes

No Game Note

Finance

Level 1 -- Attendance: 4256 (75,80%) -- Ticket Income 634 144 $
Level 2 -- Attendance: 5000 (100,00%) -- Ticket Income 335 000 $
Level 3 -- Attendance: 2000 (100,00%) -- Ticket Income 98 000 $
Level 4 -- Attendance: 2493 (62,33%) -- Ticket Income 119 664 $
Luxury Box -- Attendance: 1000 (100,00%) -- Ticket Income 350 000 $
Game was played at the Prudential Center.
Total Attendance: 14749 (83,73%)
Total Ticket Income: 1 536 808 $
Other Income: 753 036 $
Total Income: 2 289 844 $

Sabres

5 vs 5 Forward 
   Center                   Left Wing                Right Wing               Time % Phy DF OF 
 1 Daniel Briere            Nicklas Backstrom        Darren Helm              40     0   2  3  
 2 Alexander Frolov         James Van Riemsdyk       J.P. Dumont              30     0   2  3  
 3 Victor Rask              Milan Lucic              Mike Iggulden            20     0   2  3  
 4 Nicklas Backstrom        Janne Lahti              Cory Conacher            10     0   3  2  

5 vs 5 Defense 
   Defense                  Defense                                           Time % Phy DF OF 
 1 Connor Murphy            Brent Seabrook                                    40     0   4  1  
 2 Dougie Hamilton          Andrej Sekera                                     30     0   4  1  
 3 Dougie Hamilton          Olli Maata                                        20     0   4  1  
 4 Radko Gudas              Jonathan Blum                                     10     0   5  0  

PowerPlay Forward 
   Center                   Left Wing                Right Wing               Time % Phy DF OF 
 1 Nicklas Backstrom        Alexander Frolov         Milan Lucic              60     0   0  5  
 2 Daniel Briere            James Van Riemsdyk       J.P. Dumont              40     0   0  5  

PowerPlay Defense
   Defense                  Defense                                           Time % Phy DF OF 
 1 Connor Murphy            Brent Seabrook                                    60     0   1  4  
 2 Dougie Hamilton          Andrej Sekera                                     40     0   1  4  

Penalty Kill 4 Players Forward 
   Center                   Wing                     Time % Phy DF OF 
 1 Alexander Frolov         J.P. Dumont              60     0   4  1  
 2 Nicklas Backstrom        Milan Lucic              40     0   4  1  

Penalty Kill 4 Players Defense
   Defense                  Defense                  Time % Phy DF OF 
 1 Connor Murphy            Olli Maata               60     0   5  0  
 2 Dougie Hamilton          Brent Seabrook           40     0   5  0  

Penalty Kill - 3 Players Forward 
   Forward                                           Time % Phy DF OF 
 1 Milan Lucic                                       60     0   5  0  
 2 Nicklas Backstrom                                 40     0   5  0  

Penalty Kill - 3 Players Defense
   Defense                  Defense                  Time % Phy DF OF 
 1 Connor Murphy            Olli Maata               60     0   5  0  
 2 Dougie Hamilton          Jonathan Blum            40     0   5  0  

4 vs 4 Forward 
   Center                   Wing                     Time % Phy DF OF 
 1 Milan Lucic              J.P. Dumont              60     0   2  3  
 2 James Van Riemsdyk       Nicklas Backstrom        40     0   2  3  

4 vs 4 Defense
   Defense                  Defense                  Time % Phy DF OF 
 1 Connor Murphy            Brent Seabrook           60     0   4  1  
 2 Dougie Hamilton          Radko Gudas              40     0   4  1  

Last Minutes Offensive
   Center                   Left Wing                Right Wing               Defense                  Defense                  
   Nicklas Backstrom        Alexander Frolov         Daniel Briere            Connor Murphy            Brent Seabrook           

Last Minutes Defensive
   Center                   Left Wing                Right Wing               Defense                  Defense                  
   Nicklas Backstrom        Alexander Frolov         Daniel Briere            Connor Murphy            Brent Seabrook           

Goaltenders
Starting : Jake Allen               
Backup : Michal Neuvirth          

Extra Forwards
Normal : J.P. Dumont, Nicklas Backstrom, Milan Lucic - PP : Milan Lucic, Nicklas Backstrom - PK : Milan Lucic
Extra Defensemen
Normal : Connor Murphy, Olli Maata, Dougie Hamilton - PP : Dougie Hamilton - PK : Connor Murphy, Dougie Hamilton
Penalty Shots
James Van Riemsdyk, J.P. Dumont, Milan Lucic, Nicklas Backstrom, Alexander Frolov
Custom OT Lines Forwards
James Van Riemsdyk, Alexander Frolov, Nicklas Backstrom, Darren Helm, Victor Rask, J.P. Dumont, Cory Conacher, Milan Lucic, Janne Lahti, Mike Iggulden
Custom OT Lines Defensemen
Jonathan Blum, Olli Maata, Dougie Hamilton, Connor Murphy, Brent Seabrook

Scratches
Brandon Pirri (Healthy), Jordan Nolan (Healthy)

Devils

5 vs 5 Forward 
   Center                   Left Wing                Right Wing               Time % Phy DF OF 
 1 Ryan Kesler              Artemi Panarin           Dustin Penner            32     1   1  3  
 2 Brandon Sutter           Adam Berti               Nikolai Lemtyugov        26     0   2  3  
 3 Artem Anisimov           Phillip Danault          Brandon Sutter           23     1   2  2  
 4 Antoine Vermette         Peter Holland            Daniel Paille            19     1   2  2  

5 vs 5 Defense 
   Defense                  Defense                                           Time % Phy DF OF 
 1 Michal Rozsival          Rostislav Klesla                                  34     1   3  1  
 2 Micki Dupont             Sami Vatanen                                      34     0   3  2  
 3 Ryan O'Byrne             Yann Sauve                                        32     1   2  2  
 4 Rostislav Klesla         Micki Dupont                                      0      1   2  2  

PowerPlay Forward 
   Center                   Left Wing                Right Wing               Time % Phy DF OF 
 1 Daniel Paille            Adam Berti               Nikolai Lemtyugov        40     0   1  4  
 2 Ryan Kesler              Artemi Panarin           Dustin Penner            60     0   0  5  

PowerPlay Defense
   Defense                  Defense                                           Time % Phy DF OF 
 1 Michal Rozsival          Rostislav Klesla                                  54     0   2  3  
 2 Micki Dupont             Sami Vatanen                                      46     0   2  3  

Penalty Kill 4 Players Forward 
   Center                   Wing                     Time % Phy DF OF 
 1 Nikolai Lemtyugov        Daniel Paille            45     0   4  1  
 2 Antoine Vermette         Adam Berti               55     0   4  1  

Penalty Kill 4 Players Defense
   Defense                  Defense                  Time % Phy DF OF 
 1 Rostislav Klesla         Micki Dupont             60     0   5  0  
 2 Michal Rozsival          Sami Vatanen             40     0   5  0  

Penalty Kill - 3 Players Forward 
   Forward                                           Time % Phy DF OF 
 1 Nikolai Lemtyugov                                 40     0   5  0  
 2 Artemi Panarin                                    60     0   5  0  

Penalty Kill - 3 Players Defense
   Defense                  Defense                  Time % Phy DF OF 
 1 Micki Dupont             Rostislav Klesla         60     0   5  0  
 2 Adam Berti               Michal Rozsival          40     0   5  0  

4 vs 4 Forward 
   Center                   Wing                     Time % Phy DF OF 
 1 Adam Berti               Nikolai Lemtyugov        40     0   2  3  
 2 Daniel Paille            Artemi Panarin           60     0   2  3  

4 vs 4 Defense
   Defense                  Defense                  Time % Phy DF OF 
 1 Michal Rozsival          Rostislav Klesla         60     1   2  2  
 2 Micki Dupont             Yann Sauve               40     1   2  2  

Last Minutes Offensive
   Center                   Left Wing                Right Wing               Defense                  Defense                  
   Ryan Kesler              Artemi Panarin           Nikolai Lemtyugov        Yann Sauve               Michal Rozsival          

Last Minutes Defensive
   Center                   Left Wing                Right Wing               Defense                  Defense                  
   Ryan Kesler              Daniel Paille            Dustin Penner            Rostislav Klesla         Micki Dupont             

Goaltenders
Starting : Antti Niemi              
Backup : Marek Mazanec            

Extra Forwards
Normal : Artemi Panarin, Adam Berti, Nikolai Lemtyugov - PP : Artemi Panarin, Adam Berti - PK : Antoine Vermette
Extra Defensemen
Normal : Michal Rozsival, Adam Berti, Rostislav Klesla - PP : Rostislav Klesla - PK : Adam Berti, Micki Dupont
Penalty Shots
Adam Berti, Nikolai Lemtyugov, Antoine Vermette, Artemi Panarin, Michal Rozsival
Custom OT Lines Forwards
Ryan Kesler, Nikolai Lemtyugov, Dustin Penner, Peter Holland, Artemi Panarin, Adam Berti, Brandon Sutter, Antoine Vermette, Daniel Paille, Artem Anisimov
Custom OT Lines Defensemen
Michal Rozsival, Micki Dupont, Rostislav Klesla, Sami Vatanen, Adam Berti

Scratches
Brian Fahey (Healthy)

% Time on Ice - Sabres

Lines # - Real PCT - Wanted PCT - Time Play
Normal Forward
1 - 30% - 40% - 13:52
2 - 31% - 30% - 14:24
3 - 27% - 20% - 12:47
4 - 12% - 10% - 5:45
Normal Defense
1 - 39% - 40% - 18:03
2 - 25% - 30% - 11:56
3 - 12% - 20% - 5:24
4 - 24% - 10% - 11:25
PP Forward
1 - 49% - 60% - 4:54
2 - 51% - 40% - 5:07
PP Defense
1 - 48% - 60% - 4:50
2 - 52% - 40% - 5:11
PK Forward
1 - 83% - 60% - 2:38
2 - 17% - 40% - 0:33
PK Defense
1 - 50% - 60% - 1:36
2 - 50% - 40% - 1:35
PK3 Forward
1 - 0% - 60%
2 - 0% - 40%
PK3 Defense
1 - 0% - 60%
2 - 0% - 40%
44 Forward
1 - 0% - 60%
2 - 0% - 40%
44 Defense
1 - 0% - 60%
2 - 0% - 40%
Last Minute Offensive  - 0:00
Last Minute Defensive  - 0:00
Total
Forward - 60:00
Defense - 60:00

% Time on Ice - Devils

Lines # - Real PCT - Wanted PCT - Time Play
Normal Forward
1 - 34% - 32% - 15:49
2 - 21% - 26% - 10:02
3 - 21% - 23% - 9:52
4 - 24% - 19% - 11:05
Normal Defense
1 - 34% - 34% - 15:43
2 - 32% - 34% - 14:46
3 - 32% - 32% - 14:57
4 - 3% - 0% - 1:22
PP Forward
1 - 53% - 40% - 1:41
2 - 47% - 60% - 1:30
PP Defense
1 - 47% - 54% - 1:30
2 - 53% - 46% - 1:41
PK Forward
1 - 33% - 45% - 3:16
2 - 67% - 55% - 6:45
PK Defense
1 - 48% - 60% - 4:46
2 - 52% - 40% - 5:15
PK3 Forward
1 - 0% - 40%
2 - 0% - 60%
PK3 Defense
1 - 0% - 60%
2 - 0% - 40%
44 Forward
1 - 0% - 40%
2 - 0% - 60%
44 Defense
1 - 0% - 60%
2 - 0% - 40%
Last Minute Offensive  - 0:00
Last Minute Defensive  - 0:00
Total
Forward - 60:00
Defense - 60:00

Play by Play

1st period


0:01 of 1st period - Daniel Briere wins face-off versus Ryan Kesler in neutral zone.
0:01 of 1st period - Darren Helm is hit by Dustin Penner.
0:03 of 1st period - Shot by Nicklas Backstrom.
0:03 of 1st period - Goal by Nicklas Backstrom - Sabres : 1 - Devils : 0.
0:04 of 1st period - Brandon Sutter wins face-off versus Alexander Frolov in neutral zone.
0:47 of 1st period - Andrej Sekera is hit by Adam Berti.
1:32 of 1st period - Shot by Nicklas Backstrom.
1:32 of 1st period - Stopped by Antti Niemi without a rebound.
1:32 of 1st period - Minor Penalty to Ryan O'Byrne for Hooking.
1:33 of 1st period - Nicklas Backstrom wins face-off versus Antoine Vermette in Devils zone.
2:18 of 1st period - Shot by Daniel Briere.
2:18 of 1st period - Stopped by Antti Niemi without a rebound.
2:19 of 1st period - Antoine Vermette wins face-off versus Daniel Briere in Devils zone.
2:34 of 1st period - Shot by James Van Riemsdyk.
2:34 of 1st period - Shot Misses the Net.
2:36 of 1st period - Shot by Connor Murphy.
2:36 of 1st period - Goal by Connor Murphy - Sabres : 2 - Devils : 0.
2:37 of 1st period - Victor Rask wins face-off versus Artem Anisimov in neutral zone.
2:37 of 1st period - Victor Rask is hit by Ryan O'Byrne.
3:33 of 1st period - Phillip Danault is hit by James Van Riemsdyk.
4:00 of 1st period - Icing by Phillip Danault.
4:01 of 1st period - Artem Anisimov wins face-off versus Daniel Briere in Devils zone.
4:09 of 1st period - Shot by Nicklas Backstrom.
4:09 of 1st period - Shot Misses the Net.
4:11 of 1st period - Shot by Nicklas Backstrom.
4:11 of 1st period - Shot Misses the Net.
4:22 of 1st period - Shot by Daniel Briere.
4:22 of 1st period - Deflect By Nicklas Backstrom.
4:22 of 1st period - Stopped by Antti Niemi without a rebound.
4:23 of 1st period - Antoine Vermette wins face-off versus Nicklas Backstrom in Devils zone.
4:35 of 1st period - Shot by Antoine Vermette.
4:35 of 1st period - Shot Misses the Net.
4:37 of 1st period - Shot by Antoine Vermette.
4:37 of 1st period - Shot Misses the Net.
4:39 of 1st period - Shot by Peter Holland.
4:39 of 1st period - Shot Misses the Net.
5:20 of 1st period - Icing by Rostislav Klesla.
5:21 of 1st period - Antoine Vermette wins face-off versus Alexander Frolov in Devils zone.
5:21 of 1st period - Antoine Vermette is hit by James Van Riemsdyk.
5:48 of 1st period - Shot by Ryan Kesler.
5:48 of 1st period - Shot Misses the Net.
5:50 of 1st period - Shot by Ryan Kesler.
5:50 of 1st period - Deflect By Dustin Penner.
5:50 of 1st period - Shot Misses the Net.
5:52 of 1st period - Shot by Ryan Kesler.
5:52 of 1st period - Stopped by Jake Allen with a rebound.
6:02 of 1st period - Shot by Artemi Panarin.
6:02 of 1st period - Stopped by Jake Allen without a rebound.
6:03 of 1st period - Victor Rask wins face-off versus Adam Berti in Sabres zone.
6:03 of 1st period - Victor Rask is hit by Adam Berti.
6:10 of 1st period - Minor Penalty to Adam Berti for High sticking.
6:11 of 1st period - Antoine Vermette wins face-off versus Nicklas Backstrom in Devils zone.
6:30 of 1st period - Shot by Brent Seabrook.
6:30 of 1st period - Stopped by Antti Niemi with a rebound.
7:04 of 1st period - Shot by Dougie Hamilton.
7:04 of 1st period - Stopped by Antti Niemi without a rebound.
7:05 of 1st period - Daniel Briere wins face-off versus Nikolai Lemtyugov in Devils zone.
7:16 of 1st period - Shot by Andrej Sekera.
7:16 of 1st period - Stopped by Antti Niemi without a rebound.
7:17 of 1st period - Antoine Vermette wins face-off versus Daniel Briere in Devils zone.
7:34 of 1st period - Shot by Dougie Hamilton.
7:34 of 1st period - Shot Misses the Net.
8:09 of 1st period - Icing by Nicklas Backstrom.
8:10 of 1st period - Victor Rask wins face-off versus Artem Anisimov in Sabres zone.
8:30 of 1st period - Brandon Sutter is hit by Radko Gudas and loses puck.
8:53 of 1st period - Phillip Danault is hit by Radko Gudas and loses puck.
10:05 of 1st period - Shot by Antoine Vermette.
10:05 of 1st period - Stopped by Jake Allen without a rebound.
10:06 of 1st period - Alexander Frolov wins face-off versus Nikolai Lemtyugov in Sabres zone.
10:15 of 1st period - Shot by Nikolai Lemtyugov.
10:15 of 1st period - Stopped by Jake Allen without a rebound.
10:16 of 1st period - Alexander Frolov wins face-off versus Brandon Sutter in Sabres zone.
10:20 of 1st period - Off-side.
10:21 of 1st period - Brandon Sutter wins face-off versus Alexander Frolov in neutral zone.
10:21 of 1st period - Brandon Sutter is hit by James Van Riemsdyk.
10:30 of 1st period - Dougie Hamilton is hit by Adam Berti.
10:35 of 1st period - Alexander Frolov is hit by Rostislav Klesla and loses puck.
10:49 of 1st period - Michal Rozsival is hit by Dougie Hamilton and loses puck.
11:20 of 1st period - Rostislav Klesla is hit by Daniel Briere and loses puck.
12:02 of 1st period - Shot by Ryan Kesler.
12:02 of 1st period - Deflect By Dustin Penner.
12:02 of 1st period - Shot Blocked by Connor Murphy.
12:04 of 1st period - Shot by Ryan Kesler.
12:04 of 1st period - Shot Misses the Net.
12:10 of 1st period - Shot by Ryan Kesler.
12:10 of 1st period - Shot Misses the Net.
12:12 of 1st period - Shot by Sami Vatanen.
12:12 of 1st period - Shot Blocked by Connor Murphy.
12:14 of 1st period - Shot by Ryan Kesler.
12:14 of 1st period - Stopped by Jake Allen without a rebound.
12:15 of 1st period - Victor Rask wins face-off versus Antoine Vermette in Sabres zone.
12:54 of 1st period - Shot by Daniel Paille.
12:54 of 1st period - Stopped by Jake Allen without a rebound.
12:55 of 1st period - Alexander Frolov wins face-off versus Ryan Kesler in Sabres zone.
12:55 of 1st period - Alexander Frolov is hit by Dustin Penner.
13:15 of 1st period - Shot by James Van Riemsdyk.
13:15 of 1st period - Stopped by Antti Niemi with a rebound.
13:25 of 1st period - Shot by James Van Riemsdyk.
13:25 of 1st period - Stopped by Antti Niemi without a rebound.
13:26 of 1st period - Nicklas Backstrom wins face-off versus Artem Anisimov in Devils zone.
13:35 of 1st period - Shot by Nicklas Backstrom.
13:35 of 1st period - Stopped by Antti Niemi with a rebound.
13:49 of 1st period - Shot by Janne Lahti.
13:49 of 1st period - Stopped by Antti Niemi without a rebound.
13:50 of 1st period - Antoine Vermette wins face-off versus Victor Rask in Devils zone.
13:52 of 1st period - Daniel Paille is hit by Mike Iggulden and loses puck.
14:04 of 1st period - Minor Penalty to Andrej Sekera for Holding.
14:05 of 1st period - Alexander Frolov wins face-off versus Ryan Kesler in Sabres zone.
14:32 of 1st period - Rostislav Klesla is hit by Alexander Frolov and loses puck.
15:30 of 1st period - Shot by Nikolai Lemtyugov.
15:30 of 1st period - Stopped by Jake Allen without a rebound.
15:31 of 1st period - Nicklas Backstrom wins face-off versus Daniel Paille in Sabres zone.
16:12 of 1st period - Shot by Nicklas Backstrom.
16:12 of 1st period - Shot Misses the Net.
16:14 of 1st period - Shot by Nicklas Backstrom.
16:14 of 1st period - Stopped by Antti Niemi without a rebound.
16:15 of 1st period - Victor Rask wins face-off versus Phillip Danault in Devils zone.
16:18 of 1st period - Shot by Mike Iggulden.
16:18 of 1st period - Deflect By Milan Lucic.
16:18 of 1st period - Shot Misses the Net.
16:20 of 1st period - Shot by Victor Rask.
16:20 of 1st period - Stopped by Antti Niemi without a rebound.
16:21 of 1st period - Artemi Panarin wins face-off versus Daniel Briere in Devils zone.
16:32 of 1st period - Shot by Ryan Kesler.
16:32 of 1st period - Shot Misses the Net.
17:27 of 1st period - Minor Penalty to Mike Iggulden for Boarding.
17:28 of 1st period - Alexander Frolov wins face-off versus Daniel Paille in Sabres zone.
17:28 of 1st period - Alexander Frolov is hit by Adam Berti.
17:56 of 1st period - Shot by Sami Vatanen.
17:56 of 1st period - Shot Misses the Net.
17:58 of 1st period - Shot by Nikolai Lemtyugov.
17:58 of 1st period - Shot Misses the Net.
18:06 of 1st period - Shot by Sami Vatanen.
18:06 of 1st period - Deflect By Nikolai Lemtyugov.
18:06 of 1st period - Stopped by Jake Allen without a rebound.
18:07 of 1st period - Ryan Kesler wins face-off versus J.P. Dumont in Sabres zone.
18:08 of 1st period - Shot by Artemi Panarin.
18:08 of 1st period - Shot Blocked by Alexander Frolov.
18:10 of 1st period - Shot by Ryan Kesler.
18:10 of 1st period - Goal by Ryan Kesler - Sabres : 2 - Devils : 1.
18:11 of 1st period - Victor Rask wins face-off versus Ryan Kesler in neutral zone.
18:18 of 1st period - Shot by Ryan Kesler.
18:18 of 1st period - Shot Misses the Net.
18:25 of 1st period - Icing by Rostislav Klesla.
18:26 of 1st period - Ryan Kesler wins face-off versus Daniel Briere in Devils zone.
18:57 of 1st period - Shot by Nicklas Backstrom.
18:57 of 1st period - Goal by Nicklas Backstrom - Sabres : 3 - Devils : 1.
18:58 of 1st period - Brandon Sutter wins face-off versus Alexander Frolov in neutral zone.
19:07 of 1st period - Shot by Adam Berti.
19:07 of 1st period - Shot Misses the Net.
Goals for this period are 3 for Sabres vs 1 for Devils.
Shots for this period are 15 for Sabres vs 9 for Devils.

2nd period


0:01 of 2nd period - Daniel Briere wins face-off versus Artemi Panarin in neutral zone.
0:08 of 2nd period - Shot by Daniel Briere.
0:08 of 2nd period - Shot Misses the Net.
0:10 of 2nd period - Shot by Daniel Briere.
0:10 of 2nd period - Shot Misses the Net.
0:12 of 2nd period - Shot by Dougie Hamilton.
0:12 of 2nd period - Shot Misses the Net.
0:14 of 2nd period - Shot by Nicklas Backstrom.
0:14 of 2nd period - Shot Misses the Net.
0:16 of 2nd period - Shot by Olli Maata.
0:16 of 2nd period - Shot Misses the Net.
0:18 of 2nd period - Shot by Nicklas Backstrom.
0:18 of 2nd period - Stopped by Antti Niemi without a rebound.
0:19 of 2nd period - Brandon Sutter wins face-off versus Alexander Frolov in Devils zone.
0:45 of 2nd period - Icing by Rostislav Klesla.
0:46 of 2nd period - Daniel Briere wins face-off versus Brandon Sutter in Devils zone.
0:54 of 2nd period - Icing by Rostislav Klesla.
0:55 of 2nd period - Daniel Briere wins face-off versus Brandon Sutter in Devils zone.
0:55 of 2nd period - Andrej Sekera is hit by Rostislav Klesla and loses puck.
1:08 of 2nd period - Shot by Adam Berti.
1:08 of 2nd period - Stopped by Jake Allen without a rebound.
1:09 of 2nd period - Ryan Kesler wins face-off versus Alexander Frolov in Sabres zone.
1:09 of 2nd period - Ryan Kesler is hit by Brent Seabrook.
1:40 of 2nd period - Off-side.
1:41 of 2nd period - Daniel Briere wins face-off versus Artem Anisimov in neutral zone.
1:46 of 2nd period - Shot by Daniel Briere.
1:46 of 2nd period - Shot Misses the Net.
1:56 of 2nd period - Shot by Daniel Briere.
1:56 of 2nd period - Deflect By Nicklas Backstrom.
1:56 of 2nd period - Stopped by Antti Niemi without a rebound.
1:57 of 2nd period - Antoine Vermette wins face-off versus Victor Rask in Devils zone.
1:57 of 2nd period - Peter Holland is hit by Mike Iggulden and loses puck.
3:32 of 2nd period - Shot by Daniel Briere.
3:32 of 2nd period - Stopped by Antti Niemi without a rebound.
3:33 of 2nd period - Brandon Sutter wins face-off versus Alexander Frolov in Devils zone.
3:37 of 2nd period - Minor Penalty to Adam Berti for Interference.
3:38 of 2nd period - Antoine Vermette wins face-off versus James Van Riemsdyk in Devils zone.
5:09 of 2nd period - Shot by Milan Lucic.
5:09 of 2nd period - Shot Misses the Net.
5:11 of 2nd period - Shot by Nicklas Backstrom.
5:11 of 2nd period - Deflect By Alexander Frolov.
5:11 of 2nd period - Stopped by Antti Niemi without a rebound.
5:12 of 2nd period - Nicklas Backstrom wins face-off versus Antoine Vermette in Devils zone.
5:15 of 2nd period - Shot by Alexander Frolov.
5:15 of 2nd period - Shot Misses the Net.
5:37 of 2nd period - Andrej Sekera is hit by Ryan O'Byrne and loses puck.
6:07 of 2nd period - Radko Gudas is hit by Ryan O'Byrne and loses puck.
6:53 of 2nd period - Icing by Rostislav Klesla.
6:54 of 2nd period - Alexander Frolov wins face-off versus Ryan Kesler in Devils zone.
7:29 of 2nd period - Icing by Sami Vatanen.
7:30 of 2nd period - Antoine Vermette wins face-off versus Victor Rask in Devils zone.
7:35 of 2nd period - Mike Iggulden is hit by Peter Holland and loses puck.
8:31 of 2nd period - James Van Riemsdyk is hit by Micki Dupont and loses puck.
8:37 of 2nd period - Alexander Frolov is hit by Micki Dupont and loses puck.
8:40 of 2nd period - Shot by Alexander Frolov.
8:40 of 2nd period - Shot Misses the Net.
8:48 of 2nd period - Shot by James Van Riemsdyk.
8:48 of 2nd period - Stopped by Antti Niemi without a rebound.
8:49 of 2nd period - Nicklas Backstrom wins face-off versus Artem Anisimov in Devils zone.
9:55 of 2nd period - Dougie Hamilton is hit by Ryan Kesler and loses puck.
10:05 of 2nd period - Shot by Ryan Kesler.
10:05 of 2nd period - Shot Hit the Post.
10:07 of 2nd period - Shot by Dustin Penner.
10:07 of 2nd period - Stopped by Jake Allen without a rebound.
10:08 of 2nd period - Brandon Sutter wins face-off versus Alexander Frolov in Sabres zone.
10:29 of 2nd period - Alexander Frolov is hit by Adam Berti and loses puck.
10:41 of 2nd period - J.P. Dumont is hit by Rostislav Klesla and loses puck.
11:01 of 2nd period - J.P. Dumont is hit by Michal Rozsival and loses puck.
11:22 of 2nd period - Shot by Dougie Hamilton.
11:22 of 2nd period - Stopped by Antti Niemi with a rebound.
11:24 of 2nd period - Shot by Daniel Briere.
11:24 of 2nd period - Stopped by Antti Niemi without a rebound.
11:25 of 2nd period - Antoine Vermette wins face-off versus Victor Rask in Devils zone.
11:35 of 2nd period - Shot by Antoine Vermette.
11:35 of 2nd period - Shot Misses the Net.
11:39 of 2nd period - Shot by Peter Holland.
11:39 of 2nd period - Deflect By Antoine Vermette.
11:39 of 2nd period - Shot Misses the Net.
12:03 of 2nd period - Shot by Daniel Paille.
12:03 of 2nd period - Shot Misses the Net.
12:07 of 2nd period - Shot by Daniel Paille.
12:07 of 2nd period - Stopped by Jake Allen without a rebound.
12:08 of 2nd period - Dustin Penner wins face-off versus Daniel Briere in Sabres zone.
12:17 of 2nd period - Shot by Daniel Briere.
12:17 of 2nd period - Shot Blocked by Ryan Kesler.
12:19 of 2nd period - Shot by Jonathan Blum.
12:19 of 2nd period - Stopped by Antti Niemi without a rebound.
12:20 of 2nd period - Alexander Frolov wins face-off versus Ryan Kesler in Devils zone.
12:24 of 2nd period - J.P. Dumont is hit by Ryan O'Byrne and loses puck.
13:00 of 2nd period - Shot by Ryan Kesler.
13:00 of 2nd period - Shot Misses the Net.
13:22 of 2nd period - Icing by Micki Dupont.
13:23 of 2nd period - Daniel Briere wins face-off versus Antoine Vermette in Devils zone.
14:58 of 2nd period - Shot by Artemi Panarin.
14:58 of 2nd period - Stopped by Jake Allen without a rebound.
14:59 of 2nd period - Ryan Kesler wins face-off versus Alexander Frolov in Sabres zone.
15:14 of 2nd period - Shot by Artemi Panarin.
15:14 of 2nd period - Shot Blocked by Brent Seabrook.
15:16 of 2nd period - Shot by Dustin Penner.
15:16 of 2nd period - Shot Blocked by Brent Seabrook.
15:24 of 2nd period - Shot by James Van Riemsdyk.
15:24 of 2nd period - Stopped by Antti Niemi without a rebound.
15:25 of 2nd period - Daniel Briere wins face-off versus Antoine Vermette in Devils zone.
15:43 of 2nd period - Icing by Dougie Hamilton.
15:44 of 2nd period - Brandon Sutter wins face-off versus Daniel Briere in Sabres zone.
15:55 of 2nd period - Shot by Adam Berti.
15:55 of 2nd period - Shot Misses the Net.
16:19 of 2nd period - Shot by Nicklas Backstrom.
16:19 of 2nd period - Shot Blocked by Ryan O'Byrne.
16:30 of 2nd period - Brandon Sutter is hit by Brent Seabrook and loses puck.
16:47 of 2nd period - Shot by James Van Riemsdyk.
16:47 of 2nd period - Stopped by Antti Niemi without a rebound.
16:48 of 2nd period - Victor Rask wins face-off versus Antoine Vermette in Devils zone.
16:53 of 2nd period - Shot by Milan Lucic.
16:53 of 2nd period - Shot Misses the Net.
17:16 of 2nd period - Icing by Michal Rozsival.
17:17 of 2nd period - Antoine Vermette wins face-off versus Alexander Frolov in Devils zone.
17:19 of 2nd period - Icing by Rostislav Klesla.
17:20 of 2nd period - Daniel Briere wins face-off versus Antoine Vermette in Devils zone.
17:21 of 2nd period - Shot by Nicklas Backstrom.
17:21 of 2nd period - Stopped by Antti Niemi without a rebound.
17:22 of 2nd period - Daniel Briere wins face-off versus Artem Anisimov in Devils zone.
17:56 of 2nd period - Phillip Danault is hit by Dougie Hamilton and loses puck.
18:43 of 2nd period - Shot by Alexander Frolov.
18:43 of 2nd period - Goal by Alexander Frolov - Sabres : 4 - Devils : 1.
18:44 of 2nd period - Antoine Vermette wins face-off versus Victor Rask in neutral zone.
19:58 of 2nd period - Shot by Ryan Kesler.
19:58 of 2nd period - Shot Hit the Post.
Goals for this period are 1 for Sabres vs 0 for Devils.
Shots for this period are 12 for Sabres vs 4 for Devils.

3rd period


0:01 of 3rd period - Adam Berti wins face-off versus Daniel Briere in neutral zone.
0:37 of 3rd period - Shot by Nicklas Backstrom.
0:37 of 3rd period - Shot Misses the Net.
1:31 of 3rd period - Shot by Micki Dupont.
1:31 of 3rd period - Shot Misses the Net.
1:33 of 3rd period - Shot by Ryan Kesler.
1:33 of 3rd period - Stopped by Jake Allen without a rebound.
1:34 of 3rd period - Antoine Vermette wins face-off versus Victor Rask in Sabres zone.
1:43 of 3rd period - Shot by Antoine Vermette.
1:43 of 3rd period - Shot Blocked by Jonathan Blum.
1:45 of 3rd period - Shot by Michal Rozsival.
1:45 of 3rd period - Shot Misses the Net.
1:47 of 3rd period - Shot by Daniel Paille.
1:47 of 3rd period - Shot Blocked by Jonathan Blum.
2:00 of 3rd period - Shot by Rostislav Klesla.
2:00 of 3rd period - Stopped by Jake Allen without a rebound.
2:01 of 3rd period - Artem Anisimov wins face-off versus Daniel Briere in Sabres zone.
2:10 of 3rd period - Shot by Brandon Sutter.
2:10 of 3rd period - Deflect By Artem Anisimov.
2:10 of 3rd period - Stopped by Jake Allen without a rebound.
2:11 of 3rd period - Daniel Briere wins face-off versus Ryan Kesler in Sabres zone.
2:11 of 3rd period - Daniel Briere is hit by Ryan Kesler.
2:47 of 3rd period - Off-side.
2:48 of 3rd period - Alexander Frolov wins face-off versus Artem Anisimov in neutral zone.
2:57 of 3rd period - Icing by Sami Vatanen.
2:58 of 3rd period - Artem Anisimov wins face-off versus Victor Rask in Devils zone.
3:23 of 3rd period - Shot by Phillip Danault.
3:23 of 3rd period - Shot Misses the Net.
4:20 of 3rd period - Major Penalty to Dustin Penner for Boarding.
4:21 of 3rd period - Daniel Briere wins face-off versus Antoine Vermette in Devils zone.
4:22 of 3rd period - Shot by Andrej Sekera.
4:22 of 3rd period - Shot Misses the Net.
4:24 of 3rd period - Shot by Daniel Briere.
4:24 of 3rd period - Stopped by Antti Niemi with a rebound.
4:26 of 3rd period - Shot by J.P. Dumont.
4:26 of 3rd period - Stopped by Antti Niemi with a rebound.
4:52 of 3rd period - Shot by Andrej Sekera.
4:52 of 3rd period - Shot Misses the Net.
4:54 of 3rd period - Shot by Andrej Sekera.
4:54 of 3rd period - Shot Misses the Net.
4:56 of 3rd period - Shot by Dougie Hamilton.
4:56 of 3rd period - Shot Misses the Net.
4:58 of 3rd period - Shot by Dougie Hamilton.
4:58 of 3rd period - Stopped by Antti Niemi with a rebound.
5:00 of 3rd period - Shot by Andrej Sekera.
5:00 of 3rd period - Shot Misses the Net.
5:20 of 3rd period - Shot by Brent Seabrook.
5:20 of 3rd period - Stopped by Antti Niemi without a rebound.
5:21 of 3rd period - Nicklas Backstrom wins face-off versus Nikolai Lemtyugov in Devils zone.
5:21 of 3rd period - Alexander Frolov is hit by Micki Dupont and loses puck.
8:07 of 3rd period - Icing by Andrej Sekera.
8:08 of 3rd period - Brandon Sutter wins face-off versus Cory Conacher in Sabres zone.
8:25 of 3rd period - Shot by Dougie Hamilton.
8:25 of 3rd period - Shot Blocked by Micki Dupont.
8:40 of 3rd period - Icing by James Van Riemsdyk.
8:41 of 3rd period - Daniel Briere wins face-off versus Nikolai Lemtyugov in Sabres zone.
8:50 of 3rd period - Shot by Brent Seabrook.
8:50 of 3rd period - Stopped by Antti Niemi with a rebound.
9:37 of 3rd period - Shot by Nicklas Backstrom.
9:37 of 3rd period - Stopped by Antti Niemi with a rebound.
9:39 of 3rd period - Shot by Nicklas Backstrom.
9:39 of 3rd period - Shot Misses the Net.
9:51 of 3rd period - Shot by Nicklas Backstrom.
9:51 of 3rd period - Shot Misses the Net.
10:19 of 3rd period - Shot by Mike Iggulden.
10:19 of 3rd period - Shot Misses the Net.
10:27 of 3rd period - Shot by Mike Iggulden.
10:27 of 3rd period - Stopped by Antti Niemi with a rebound.
10:29 of 3rd period - Shot by Milan Lucic.
10:29 of 3rd period - Shot Misses the Net.
11:04 of 3rd period - Icing by Rostislav Klesla.
11:05 of 3rd period - Daniel Briere wins face-off versus Artem Anisimov in Devils zone.
11:17 of 3rd period - Icing by Micki Dupont.
11:18 of 3rd period - Artem Anisimov wins face-off versus Daniel Briere in Devils zone.
12:13 of 3rd period - Shot by James Van Riemsdyk.
12:13 of 3rd period - Stopped by Antti Niemi without a rebound.
12:14 of 3rd period - Antoine Vermette wins face-off versus Victor Rask in Devils zone.
12:24 of 3rd period - Icing by Connor Murphy.
12:25 of 3rd period - Antoine Vermette wins face-off versus Victor Rask in Sabres zone.
13:28 of 3rd period - Icing by Ryan O'Byrne.
13:29 of 3rd period - Daniel Briere wins face-off versus Ryan Kesler in Devils zone.
13:38 of 3rd period - Shot by Andrej Sekera.
13:38 of 3rd period - Stopped by Antti Niemi without a rebound.
13:39 of 3rd period - Brandon Sutter wins face-off versus Daniel Briere in Devils zone.
13:55 of 3rd period - Shot by Nikolai Lemtyugov.
13:55 of 3rd period - Stopped by Jake Allen without a rebound.
13:56 of 3rd period - Ryan Kesler wins face-off versus Alexander Frolov in Sabres zone.
14:03 of 3rd period - Shot by Artemi Panarin.
14:03 of 3rd period - Deflect By Dustin Penner.
14:03 of 3rd period - Shot Misses the Net.
14:09 of 3rd period - Shot by Dustin Penner.
14:09 of 3rd period - Shot Misses the Net.
14:11 of 3rd period - Shot by Ryan Kesler.
14:11 of 3rd period - Stopped by Jake Allen without a rebound.
14:12 of 3rd period - Daniel Briere wins face-off versus Brandon Sutter in Sabres zone.
14:12 of 3rd period - Daniel Briere is hit by Adam Berti.
14:26 of 3rd period - Shot by Darren Helm.
14:26 of 3rd period - Shot Misses the Net.
14:52 of 3rd period - Micki Dupont is hit by Daniel Briere and loses puck.
15:04 of 3rd period - Icing by Nicklas Backstrom.
15:05 of 3rd period - Daniel Briere wins face-off versus Ryan Kesler in Sabres zone.
15:22 of 3rd period - Shot by J.P. Dumont.
15:22 of 3rd period - Shot Misses the Net.
15:42 of 3rd period - Shot by James Van Riemsdyk.
15:42 of 3rd period - Stopped by Antti Niemi with a rebound.
15:50 of 3rd period - Andrej Sekera is hit by Ryan Kesler.
15:56 of 3rd period - James Van Riemsdyk is hit by Dustin Penner and loses puck.
16:08 of 3rd period - Icing by Ryan O'Byrne.
16:09 of 3rd period - Antoine Vermette wins face-off versus Victor Rask in Devils zone.
16:09 of 3rd period - Antoine Vermette is hit by Mike Iggulden.
16:12 of 3rd period - Daniel Paille is hit by Mike Iggulden and loses puck.
16:23 of 3rd period - Shot by Jonathan Blum.
16:23 of 3rd period - Stopped by Antti Niemi without a rebound.
16:24 of 3rd period - Brandon Sutter wins face-off versus Nicklas Backstrom in Devils zone.
17:15 of 3rd period - Off-side.
17:16 of 3rd period - Alexander Frolov wins face-off versus Ryan Kesler in neutral zone.
17:16 of 3rd period - J.P. Dumont is hit by Ryan Kesler and loses puck.
17:30 of 3rd period - Dougie Hamilton is hit by Rostislav Klesla.
17:55 of 3rd period - Ryan Kesler is hit by Dougie Hamilton and loses puck.
18:19 of 3rd period - Off-side.
18:20 of 3rd period - Daniel Briere wins face-off versus Artem Anisimov in neutral zone.
18:41 of 3rd period - Shot by Darren Helm.
18:41 of 3rd period - Deflect By Daniel Briere.
18:41 of 3rd period - Shot Misses the Net.
19:25 of 3rd period - Shot by Daniel Paille.
19:25 of 3rd period - Deflect By Peter Holland.
19:25 of 3rd period - Shot Misses the Net.
19:27 of 3rd period - Shot by Antoine Vermette.
19:27 of 3rd period - Deflect By Peter Holland.
19:27 of 3rd period - Stopped by Jake Allen without a rebound.
19:28 of 3rd period - Ryan Kesler wins face-off versus Mike Iggulden in Sabres zone.
19:30 of 3rd period - Minor Penalty to Brent Seabrook for Roughing.
19:31 of 3rd period - Alexander Frolov wins face-off versus Ryan Kesler in Sabres zone.
19:31 of 3rd period - Alexander Frolov is hit by Ryan Kesler.
Goals for this period are 0 for Sabres vs 0 for Devils.
Shots for this period are 11 for Sabres vs 6 for Devils.